 Seeded DCSS version 0.27-a0-1219-g958d993ae5 (webtiles) character file.

Game seed: 42 (custom seed)

732 Snicker the Covert (level 7, 0/32 HPs)
             Began as a Spriggan Enchanter on June 6, 2021.
             Splashed by a kobold's acid (15 damage)
             ... on level 4 of the Dungeon.
             The game lasted 00:14:29 (5587 turns).

Snicker the Covert (Spriggan Enchanter)             Turns: 5587, Time: 00:14:29

Health: 0/32       AC: -2    Str:  5    XL:     7   Next: 45%
Magic:  12/12      EV: 21    Int: 23    God:
Gold:   204        SH:  0    Dex: 16    Spells: 2/11 levels left

rFire    . . .     SeeInvis +   a - +1 dagger
rCold    . . .     Faith    .   (shield restricted)
rNeg     . . .     Spirit   .   b - +0 robe
rPois    .         Reflect  .   (helmet restricted)
rElec    .         Harm     .   (no cloak)
rCorr    .         Rampage  .   (gloves unavailable)
Will     +....                  (boots unavailable)
Stlth    +++++.....             (no amulet)
HPRegen  0.10/turn              g - +4 ring of evasion
MPRegen  0.13/turn              q - +6 ring of intelligence

@: corroded, very quick
A: very small, no large weapons, unfitting armour, see invisible, speed 3
a: no special abilities


You were on level 4 of the Dungeon.
You visited 1 branch of the dungeon, and saw 4 of its levels.

You collected 204 gold pieces.

Inventory:

Hand Weapons
 a - a +1 dagger (weapon)
Missiles
 e - 10 atropa-tipped darts
 s - 3 poisoned darts
Armour
 b - a +0 robe (worn)
Jewellery
 g - a +4 ring of evasion (left hand)
 q - a +6 ring of intelligence (right hand)
Wands
 k - a wand of flame (19)
Scrolls
 c - a scroll of identify {unknown}
 f - a scroll of noise {unknown}
 h - a scroll of teleportation {unknown}
 m - a scroll of fog {unknown}
 n - a scroll of brand weapon {unknown}
 r - a scroll of vulnerability {unknown}
Potions
 d - 2 potions of curing {unknown}
 i - 2 potions of might {unknown}
 j - 2 potions of degeneration {unknown}
 l - a potion of mutation {unknown}
 o - a potion of haste {unknown}
 p - 2 potions of lignification {unknown}


   Skills:
 * Level 4.4 Short Blades
 - Level 2.6 Dodging
 * Level 11.2 Stealth
 - Level 2.6 Spellcasting
 - Level 3.6 Hexes
 + Level 1.5 Ice Magic


You had 2 spell levels left.
You knew the following spells:

 Your Spells              Type           Power      Damage    Failure   Level
a - Corona                Hex            21%        N/A       2%          1
b - Ensorcelled Hibernat  Hex/Ice        30%        N/A       6%          2
c - Confusing Touch       Hex            19%        N/A       9%          3
d - Dazzling Flash        Conj/Hex       22%        N/A       17%         3

Your spell library contained the following spells:

 Spells                   Type           Power      Damage    Failure   Level
 Tukima's Dance           Hex            19%        N/A       9%          3


Dungeon Overview and Level Annotations

Branches:
Dungeon (4/15)
 Temple: D:4-7

Altars:
Qazlal


Innate Abilities, Weirdness & Mutations

You are very small and have problems with some larger weapons.
You are too small for most types of armour.
You have supernaturally acute eyesight. (SInv)
You cover ground extremely quickly. (Speed+++)


Message History

You hit the kobold.
You kill the kobold!
You hit the kobold.
The kobold is severely wounded.
The kobold hits you with a +0 short sword.
You closely miss the kobold.
The kobold is severely wounded.
The kobold misses you.
You barely miss the kobold.
The kobold is severely wounded.
The kobold hits you with a +0 short sword.
You hit the kobold but do no damage.
The kobold is severely wounded.
You hit the kobold but do no damage.
The kobold is severely wounded.
The kobold misses you.
You hit the kobold.
You kill the kobold!
r - a scroll labelled UPROEZ MUE
Items here: ( ))))) †.
s - 3 poisoned darts
Okay, then.
Okay, then.
Unknown command.
Unknown command.
A kobold comes into view. It is wielding a +0 short sword.
A kobold is nearby!
A kobold is nearby!
The kobold shouts!
A kobold comes into view.
It is wielding a +0 short sword, quivering poisoned darts and carrying a wand of acid (3).
The kobold shouts!
You closely miss the kobold.
The kobold hits you with a +0 short sword.
You barely miss the kobold. You barely miss the kobold.
The kobold zaps a wand.
The bolt of acid hits the kobold.
The kobold is splashed with acid.
The acid corrodes the kobold!
The kobold dies!
The bolt of acid hits you! The acid corrodes you!
You are splashed with acid!
You die...

......† ###.# .....†
#..# ..... ##.## ♣...
#..# ♣K.♣♣♣ #.##
#....## ##.# ♣.♣.##
#..# ♣.)..# #.##
#.♣@.♣ #.# ##...♣##
##.# ♣####♣...#####..#
###P♣##..).##....##
#.#P.####...####.#
#....# #...# #.#
#....# #...# #.#
#....## #)### #.#
#####.....###.######.#


You could see a kobold.

Vanquished Creatures
  Sigmund (D:4)
  A centaur (D:3)
  An ogre (D:3)
  A phantom (D:4)
  Blork the orc (D:4)
  A bullfrog skeleton (D:4)
  An iguana (D:2)
  Ijyb (D:3)
  A hound skeleton (D:3)
  Robin (D:2)
  5 adders
  A white imp (D:3)
  An ufetubus (D:3)
  2 dart slugs (D:1)
  2 orcs (D:3)
  5 endoplasms
  6 giant cockroaches
  12 goblins
  6 hobgoblins
  3 jackals (D:4)
  23 kobolds
  4 quokkas
  8 ball pythons
  6 bats
  10 frilled lizards
  3 rats
107 creatures vanquished.

Vanquished Creatures (others)
  A kobold (D:4)
  69 plants
  6 withered plants (D:2)
76 creatures vanquished.

Grand Total: 183 creatures vanquished

Notes
Turn   | Place    | Note
-------+----------+-------------------------------------------
     0 | D:1      | Snicker the Spriggan Enchanter began the quest for the Orb.
     0 | D:1      | Reached XP level 1. HP: 9/9 MP: 5/5
   321 | D:1      | Reached skill level 5 in Stealth
   716 | D:1      | Reached XP level 2. HP: 13/13 MP: 6/6
   773 | D:1      | Learned a level 2 spell: Ensorcelled Hibernation
  1920 | D:2      | Reached XP level 3. HP: 16/16 MP: 5/8
  1924 | D:2      | Learned a level 3 spell: Confusing Touch
  1965 | D:2      | Reached skill level 6 in Stealth
  2092 | D:2      | Reached XP level 4. HP: 12/21 MP: 4/9
  2368 | D:2      | Found a faded altar of an unknown god.
  2607 | D:2      | Reached skill level 7 in Stealth
  3104 | D:2      | Noticed Robin
  3153 | D:2      | Killed Robin
  3507 | D:3      | Noticed Ijyb
  3523 | D:3      | Killed Ijyb
  3524 | D:3      | Reached XP level 5. HP: 22/24 MP: 7/10
  3622 | D:3      | Noticed a centaur
  3624 | D:3      | Reached skill level 8 in Stealth
  3632 | D:3      | Killed a centaur
  3633 | D:3      | Reached skill level 1 in Ice Magic
  3792 | D:3      | Noticed an ogre
  3818 | D:3      | Killed an ogre
  3819 | D:3      | Reached skill level 9 in Stealth
  3819 | D:3      | Reached XP level 6. HP: 28/28 MP: 11/11
  3866 | D:3      | Learned a level 3 spell: Dazzling Flash
  4302 | D:4      | Noticed Blork the orc
  4314 | D:4      | Killed Blork the orc
  4315 | D:4      | Reached skill level 10 in Stealth
  4397 | D:4      | Found a stormy altar of Qazlal.
  4415 | D:4      | Noticed Sigmund
  4422 | D:4      | Killed Sigmund
  4423 | D:4      | Reached XP level 7. HP: 32/32 MP: 12/12
  4651 | D:4      | Reached skill level 11 in Stealth
  5587 | D:4      | Splashed by a kobold's acid

Illustrated notes

Levels and vault maps discovered:
D:1:      dpeg_arrival_boxes_within_box, layout_basic
D:2:      layout_loops_cross, ebering_ecumenical_altar_petrified, nrook_uturn,
          ebering_dispersal_statue_hall, minmay_misc_feat_pillars,
          chequers_serial_rivers_micro_c, uniq_robin
D:3:      layout_basic, kennysheep_pointless_box, minmay_lizard_king, uniq_ijyb
D:4:      kennysheep_kobold_camp, layout_loops_ring, kennysheep_mini,
          uniq_menkaure, uniq_blork_the_orc, uniq_sigmund

Skill      XL: |  1  2  3  4  5  6  7 |
---------------+----------------------+-----
Stealth        | 5 6 7 9 10 11 | 11.2
Short Blades   | 2 3 4 |  4.4
Ice Magic      | 1 |  1.5
Dodging        | |  2.6
Spellcasting   | |  2.6
Hexes          | |  3.6

Action                   |  1- 3 |  4- 6 |  7- 9 || total
-------------------------+-------+-------+-------++-------
Melee: Dagger            |    54 |   125 |   138 ||   317
 Cast: Ensorcelled Hiber |    11 |    30 |    20 ||    61
       Confusing Touch   |       |     2 |     2 ||     4
 Stab: Sleeping          |    19 |    38 |    15 ||    72
       Confused          |       |     3 |     1 ||     4
Armor: Robe              |     2 |     7 |     4 ||    13
Dodge: Dodged            |    25 |    72 |    98 ||   195

Table legend: (Time is in decaauts)
 A = Elapsed time spent in this place.
 B = Non-inter-level travel time spent in this place.
 C = Inter-level travel time spent in this place.
 D = Time resting spent in this place.
 E = Time spent auto-exploring this place.
 F = Levels seen in this place.
 G = Mean time per level.
                   A        B        C        D        E       F      G
               +--------+--------+--------+--------+--------+-----+--------+
         Total |   4358 |   4304 |     54 |   1253 |   2204 |   4 | 1089.5 |
       Dungeon |   4358 |   4304 |     54 |   1253 |   2204 |   4 | 1089.5 |
               +--------+--------+--------+--------+--------+-----+--------+

Top non-repeatable levels by time:
     D:1: 1476 daAuts
     D:2: 1175 daAuts
     D:3: 856 daAuts
     D:4: 848 daAuts
